 Dungeon Crawl Stone Soup version 0.29.1-2-gbd0b4ee654 (webtiles) character file.

Game seed: 17459744950451576106

4986 Icepheonix32 the Fighter (level 10, -3/93 HPs)
             Began as a Minotaur Fighter on Oct 27, 2022.
             Was a Believer of Okawaru.
             Slain by a two-headed ogre
             ... wielding a +0 giant club
              (23 damage)
             ... on level 9 of the Dungeon.
             The game lasted 00:09:25 (9686 turns).

Icepheonix32 the Fighter (Minotaur Fighter)         Turns: 9686, Time: 00:09:25

Health: -3/93      AC: 11    Str: 21    XL:     10   Next: 29%
Magic:  11/11      EV: 11    Int:  9    God:    Okawaru [**....]
Gold:   44         SH:  0    Dex: 10    Spells: 7/9 levels left

rFire   + . .      SeeInvis .   f - +4 halberd
rCold   . . .      Faith    .   (shield currently unavailable)
rNeg    + . .      Spirit   .   J - +0 scale mail {rN+}
rPois   +          Reflect  .   (helmet restricted)
rElec   .          Harm     .   u - +2 cloak {rPois}
rCorr   .          Rampage  .   (no gloves)
Will    +....                   (no boots)
Stlth   ..........              (no amulet)
HPRegen 0.25/turn               x - ring of willpower
MPRegen 0.12/turn               D - ring of protection from fire

@: no status effects
A: horns 2, retaliatory headbutt
a: Renounce Religion, Heroism


You were on level 9 of the Dungeon.
You worshipped Okawaru.
Okawaru was pleased with you.
You visited 2 branches of the dungeon, and saw 10 of its levels.

You collected 424 gold pieces.
You spent 380 gold pieces at shops.

Inventory:

Hand Weapons
 a - a +2 vorpal morningstar
 f - a +4 halberd (weapon)
 g - a +1 whip of electrocution
 w - a +1 falchion of freezing
 A - a +2 long sword of flaming
 L - a +2 hand axe of holy wrath
Missiles
 k - 5 javelins
 o - 3 throwing nets (quivered)
 y - 5 boomerangs
Armour
 c - a +0 buckler
 n - a scarf of harm
 q - a +2 ring mail of poison resistance
 u - a +2 cloak of poison resistance (worn)
 B - +0 swamp dragon scales
 J - a +0 scale mail of positive energy (worn)
Jewellery
 x - a ring of willpower (left hand)
 D - a ring of protection from fire (right hand)
 M - a ring of resist corrosion
Wands
 z - a wand of flame (24)
 E - a wand of roots (5)
 F - a wand of paralysis (12)
Scrolls
 e - 5 scrolls of identify
 p - 2 scrolls of poison
 s - 2 scrolls of enchant weapon
 t - 3 scrolls of amnesia
 v - 2 scrolls of fear
 G - a scroll of teleportation
 I - 2 scrolls of immolation {unknown}
 K - a scroll of magic mapping {unknown}
Potions
 b - a potion of brilliance
 d - 2 potions of might
 h - 2 potions of cancellation
 i - a potion of attraction
 j - 3 potions of curing
 l - a potion of lignification
 m - a potion of mutation
 r - a potion of magic
 C - 2 potions of ambrosia {unknown}
 H - a potion of heal wounds {unknown}


   Skills:
 * Level 9.8 Fighting
 - Level 2.6(6.2) Axes
 - Level 4.6(5.0) Maces & Flails
 + Level 7.5(7.7) Polearms
 + Level 0.2 Throwing
 + Level 7.9 Armour
 + Level 4.8 Dodging
 + Level 1.5 Stealth
 - Level 5.4 Shields
 * Level 4.6 Transmutations
 * Level 3.0 Invocations


You had 7 spell levels left.
You knew the following spells:

 Your Spells              Type           Power      Damage    Failure   Level
a - Wereblood             Tmut           8%         N/A       22%         2

Your spell library contained the following spells:

 Spells                   Type           Power      Damage    Failure   Level
 Beastly Appendage        Tmut           16%        N/A       16%         1
 Sting                    Tmut/Pois      16%        1d3       36%         1
 Freeze                   Ice            0%         1d3       69%         1
 Magic Dart               Conj           0%         1d3       69%         1
 Spider Form              Tmut/Pois      4%         N/A       75%         3
 Poisonous Vapours        Pois/Air       0%         N/A       83%         2
 Frozen Ramparts          Ice            0%         1d1       96%         3
 Mephitic Cloud           Conj/Pois/Air  0%         N/A       96%         3
 Petrify                  Tmut/Erth      4%         N/A       98%         4
 Hailstorm                Conj/Ice       0%         3d3       100%        4
 Olgreb's Toxic Radiance  Pois           0%         N/A       100%        4
 Metabolic Englaciation   Hex/Ice        0%         N/A       100%        5
 Statue Form              Tmut/Erth      2%         N/A       100%        6
 Call Imp                 Summ           Unusable   N/A       N/A         2

Dungeon Overview and Level Annotations

Branches:
Dungeon (9/15)             Temple (1/1) D:7            Lair (0/5) D:9
    Orc: D:9-12

Altars:
Ashenzari
Cheibriados
Dithmenos
Elyvilon
Fedhas
Gozag
Hepliaklqana
Kikubaaqudgha
Makhleb
Nemelex Xobeh
Okawaru
Qazlal
Ru
Sif Muna
Trog
Uskayaw
Vehumet
Wu Jian
Xom
Yredelemnul
Zin
The Shining One

Shops:
D:4 [   D:8 *

Annotations:
D:4 3 runed translucent doors, Arctor's ghost, amateur DsGl


Innate Abilities, Weirdness & Mutations

You have a pair of horns on your head.
You reflexively headbutt those who attack you in melee.


Message History

No target in view!
No target in view!
No target in view!
No target in view!
No target in view!
Things that are here:
a +2 great sword; a +0 robe
Things that are here:
a +0 dagger; a +0 robe
Things that are here:
a +0 falchion; a +2 robe of cold resistance You now have 44 gold pieces (gained 12).
Things that are here:
a +2 great sword; a +0 robe
There is a stone staircase leading up here.
A two-headed ogre comes into view. It is wielding two +0 giant clubs.
A two-headed ogre is nearby!
The two-headed ogre shouts in stereo!
Found 13 gold pieces.
You slash the two-headed ogre!
The two-headed ogre is lightly wounded.
The two-headed ogre hits you with a +0 giant club!!
The two-headed ogre hits you with a +0 giant club.
You barely miss the two-headed ogre.
The two-headed ogre is lightly wounded.
The two-headed ogre hits you with a +0 giant club! x2
You are too injured to fight recklessly!
You are too injured to fight recklessly!
You closely miss the two-headed ogre. You headbutt the two-headed ogre!
The two-headed ogre is moderately wounded.
You barely miss the two-headed ogre.
The two-headed ogre is moderately wounded.
The two-headed ogre hits you with a +0 giant club!
* * * LOW HITPOINT WARNING * * *
The two-headed ogre hits you with a +0 giant club.
* * * LOW HITPOINT WARNING * * *
You slice the two-headed ogre!!
The two-headed ogre is severely wounded.
The two-headed ogre hits you with a +0 giant club!!
You die...

..$ #.. #.#
#.# #.. #.#..#
#O##.# .#
#@##.# .+
+.##.# .#
#.##.# .#
#....# .#
#....# .#
#....# .#
#.##.# .#
#.##.# .###
#+#######.##.#


You could see a two-headed ogre.

Vanquished Creatures
  An elephant (D:9)
  Maggie (D:7)
  A troll (D:9)
  Grinder (D:4)
  A shadow (D:9)
  A yak (D:9)
  A vampire (D:9)
  2 steam dragons
  A basilisk (D:9)
  Pargi (D:3)
  2 orc warriors (D:9)
  3 black bears
  An ice beast (D:5)
  A centaur (D:6)
  2 phantoms (D:6)
  A kobold brigand (D:9)
  2 necrophages
  A gnoll sergeant (D:5)
  3 scorpions
  4 bullfrogs
  13 wights
  A howler monkey (D:7)
  3 hounds
  A jelly (D:7)
  2 gnoll boudas
  2 orc priests (D:9)
  Terence (D:3)
  Jessica (D:2)
  6 iguanas
  6 orc wizards
  12 gnolls
  10 adders
  A worm (D:3)
  A dart slug (D:5)
  15 orcs
  8 endoplasms
  2 giant cockroaches (D:1)
  5 goblins
  7 hobgoblins
  3 quokkas
  4 ball pythons
  2 bats
  2 frilled lizards (D:3)
  15 kobolds
154 creatures vanquished.

Vanquished Creatures (others)
  3 fungi (D:9)
  5 plants (D:8)
8 creatures vanquished.

Grand Total: 162 creatures vanquished

Notes
Turn   | Place    | Note
-------+----------+-------------------------------------------
     0 | D:1      | Icepheonix32 the Minotaur Fighter began the quest for the
                  | Orb.
     0 | D:1      | Reached XP level 1. HP: 19/19 MP: 0/0
   226 | D:1      | Reached XP level 2. HP: 24/27 MP: 1/1
   418 | D:1      | Reached skill level 4 in Fighting
   568 | D:1      | Found a faded altar of an unknown god.
   842 | D:2      | Found a glowing golden altar of the Shining One.
   924 | D:2      | Reached XP level 3. HP: 33/34 MP: 2/2
  1186 | D:2      | Noticed Jessica
  1201 | D:2      | Killed Jessica
  1666 | D:3      | Reached skill level 1 in Dodging
  1666 | D:3      | Reached XP level 4. HP: 41/41 MP: 3/3
  1790 | D:3      | Reached skill level 5 in Fighting
  1841 | D:3      | Reached XP level 5. HP: 32/48 MP: 4/4
  2170 | D:3      | Noticed Terence
  2174 | D:3      | Killed Terence
  2175 | D:3      | Reached skill level 5 in Armour
  2201 | D:3      | Noticed Pargi
  2219 | D:3      | Killed Pargi
  2220 | D:3      | Reached skill level 1 in Maces & Flails
  2220 | D:3      | Reached XP level 6. HP: 37/56 MP: 5/5
  3201 | D:4      | Learned a level 2 spell: Wereblood
  3243 | D:4      | Found a runed translucent gate.
  3244 | D:4      | Found a runed translucent gate.
  3248 | D:4      | Found a runed translucent gate.
  3249 | D:4      | Found Tihi's Antique Armour Shoppe.
  3250 | D:4      | Noticed Arctor's ghost (amateur DsGl)
  3428 | D:4      | Noticed Grinder
  3434 | D:4      | Killed Grinder
  3435 | D:4      | Reached skill level 6 in Fighting
  3435 | D:4      | Reached skill level 1 in Transmutations
  3435 | D:4      | Reached XP level 7. HP: 56/63 MP: 6/6
  3766 | D:5      | Entered Level 5 of the Dungeon
  3799 | D:4      | Bought a glowing cloak for 150 gold pieces
  3900 | D:5      | Reached skill level 5 in Shields
  4416 | D:5      | Reached skill level 7 in Fighting
  4418 | D:5      | Reached XP level 8. HP: 40/73 MP: 7/7
  5289 | D:6      | Reached skill level 1 in Polearms
  5571 | D:6      | Reached skill level 8 in Fighting
  5687 | D:6      | Reached XP level 9. HP: 79/81 MP: 8/8
  6016 | D:7      | Found a staircase to the Ecumenical Temple.
  6039 | Temple   | Entered the Ecumenical Temple
  6267 | Temple   | Became a worshipper of Warmaster Okawaru
  6663 | D:7      | Noticed Maggie
  6676 | D:7      | HP: 1/82 [Maggie/bolt of fire (12)]
  6677 | D:7      | Killed Maggie
  6678 | D:7      | Reached skill level 5 in Polearms
  7283 | D:8      | Found Deqik's Assorted Antiques.
  7296 | D:7      | Reached skill level 1 in Invocations
  7668 | D:8      | Bought a steel ring for 90 gold pieces
  7827 | D:8      | Reached * piety under Okawaru
  8193 | D:4      | Bought a glowing scale mail for 140 gold pieces
  8447 | D:9      | Reached skill level 9 in Fighting
  8457 | D:9      | Noticed an elephant
  8458 | D:9      | Found a staircase to the Lair.
  8473 | D:9      | Killed an elephant
  8480 | D:9      | Reached ** piety under Okawaru
  8708 | D:9      | Noticed a troll
  8713 | D:9      | Killed a troll
  8714 | D:9      | Reached skill level 1 in Stealth
  8714 | D:9      | Reached XP level 10. HP: 86/91 MP: 10/10
  9131 | D:9      | Found a radiant altar of Vehumet.
  9137 | D:9      | Found a stormy altar of Qazlal.
  9137 | D:9      | Found a snail-covered altar of Cheibriados.
  9139 | D:9      | Found a blossoming altar of Fedhas.
  9141 | D:9      | Found an ornate altar of the Wu Jian Council.
  9141 | D:9      | Found a shadowy altar of Dithmenos.
  9678 | D:9      | Noticed a two-headed ogre
  9686 | D:9      | Slain by a two-headed ogre

Illustrated notes

Levels and vault maps discovered:
D:1:      sevenhm_arrival_forest_fort_small_3, layout_loops_ring,
          ebering_ecumenical_altar_petrified, nrook_mini_vaults
D:2:      layout_basic, basic_altar, uniq_jessica
D:3:      layout_basic, nrook_loot_triangle, uniq_pargi, uniq_terence
D:4:      layout_rooms, gammafunk_ghost_necromancy, serial_shops, shop,
          uniq_grinder
D:5:      layout_rooms, lightli_minifort
D:6:      layout_basic
D:7:      layout_basic, minmay_temple_entry_arrows, uniq_maggie
D:8:      layout_basic, serial_shops, nicolae_shop_overgrown_old_shop
D:9:      minmay_clustersquares, layout_long_grid, grunt_temple_overflow_open,
          david_lair_generic, kennysheep_orc_monster_closet_entryway,
          fungi_pond_lemuel, minmay_door_square, uniq_erica
Temple:   compressed_dpeg_triangle_lava_temple

Skill      XL: |  1  2  3  4  5  6  7  8  9 10 |
---------------+-------------------------------+-----
Fighting       | 4 5 6 7 8 9 |  9.8
Armour         | 4 5 6 7 |  7.9
Shields        | 4 5 |  5.4
Dodging        | 1 2 3 4 |  4.8
Maces & Flails | 1 2 3 4 |  4.6
Transmutations | 1 2 3 4 |  4.6
Polearms       | 3 6 7 |  7.5
Invocations    | 2 3 |  3.0
Stealth        | 1 |  1.5
Axes           | |  2.6
Throwing       | |  0.2

Action                   |  1- 3 |  4- 6 |  7- 9 | 10-12 || total
-------------------------+-------+-------+-------+-------++-------
Melee: War axe           |    55 |     3 |       |       ||    58
       Headbutt          |     8 |    20 |    41 |    10 ||    79
       Whip              |       |   100 |    83 |       ||   183
       Halberd           |       |       |   155 |    57 ||   212
       Hand axe          |       |       |       |     5 ||     5
Throw: Throwing net      |       |     2 |       |       ||     2
Evoke: Wand              |       |       |       |     1 ||     1
  Use: Scroll            |     6 |       |    12 |       ||    18
       Potion            |       |       |     2 |     3 ||     5
 Stab: Paralysed         |       |       |       |     1 ||     1
Armor: Scale mail        |    26 |     9 |    23 |    27 ||    85
       Ring mail         |       |    48 |   106 |       ||   154
       Swamp dragon scal |       |       |    20 |       ||    20
Dodge: Dodged            |    29 |    45 |   157 |    20 ||   251
Block: Buckler           |    25 |    19 |    30 |       ||    74
